 Dungeon Crawl Stone Soup version 0.27-a0-1242-ge70438ac7b (webtiles) character file.

Game seed: 16958903937785522380

6435 Glokmah the Fruitful (level 10, -6/74 HPs)
             Began as a Demonspawn Ice Elementalist on June 9, 2021.
             Was a Priest of Fedhas.
             Mangled by a four-headed hydra (9 damage)
             ... on level 1 of the Lair of Beasts.
             The game lasted 00:24:25 (11566 turns).

Glokmah the Fruitful (Demonspawn Ice Elementalist) Turns: 11566, Time: 00:24:26

Health: -6/74      AC: 16    Str: 10    XL:     10   Next: 67%
Magic:  19/27      EV: 13    Int: 18    God:    Fedhas [***...]
Gold:   616        SH:  7    Dex: 14    Spells: 5/20 levels left

rFire    . . .     SeeInvis .   a - +2 spear (freeze)
rCold    + . .     Faith    .   E - +2 buckler
rNeg     . . .     Spirit   .   C - +0 steam dragon scales
rPois    +         Reflect  .   N - +0 hat
rElec    .         Harm     .   A - +0 cloak
rCorr    .         Rampage  .   F - +0 pair of gloves
Will     .....                  M - +0 pair of boots
Stlth    ++........             H - amulet of magic regeneration
HPRegen  0.22/turn              K - ring "Yliene" {Wiz Fly rPois rC+}
MPRegen  0.45/turn              y - ring of magical power

@: ice-armoured, freezing walls, flying
A: antennae 2, demonic guardian 2
a: Renounce Religion, Wall of Briars, Grow Ballistomycete


You were on level 1 of the Lair of Beasts.
You worshipped Fedhas.
Fedhas was most pleased with you.
You visited 2 branches of the dungeon, and saw 10 of its levels.

You collected 616 gold pieces.

Inventory:

Hand Weapons
 a - a +2 spear of freezing (weapon)
 B - a +0 dagger of electrocution
Missiles
 e - 235 stones (quivered)
 r - a throwing net
 x - 62 poisoned darts
Armour
 A - a +0 cloak (worn)
 C - +0 steam dragon scales (worn)
 E - a +2 buckler (worn)
 F - a +0 pair of gloves (worn)
 M - a +0 pair of boots (worn)
 N - a +0 hat (worn)
Jewellery
 c - an amulet of regeneration
 j - a +6 ring of strength
 y - a ring of magical power (right hand)
 H - an amulet of magic regeneration (around neck)
 J - a ring of willpower
 K - the ring "Yliene" (left hand) {Wiz Fly rPois rC+}
   (You took it off a gnoll on level 9 of the Dungeon)

   [ring of wizardry]

   It improves your spell success rate.
   It protects you from cold.
   It protects you from poison.
   It grants you flight.
Wands
 n - a wand of flame (27)
 p - a wand of polymorph (12)
 L - a wand of mindburst (6)
Scrolls
 b - 2 scrolls of blinking
 g - a scroll of fear {unknown}
 h - 4 scrolls of immolation
 o - 2 scrolls of enchant armour
 q - a scroll of magic mapping
 t - 3 scrolls of fog
 D - a scroll of noise {unknown}
 I - 3 scrolls of identify
Potions
 d - 3 potions of mutation
 f - 2 potions of attraction {unknown}
 i - a potion of flight {unknown}
 k - 3 potions of heal wounds {unknown}
 l - 2 potions of might {unknown}
 m - 2 potions of degeneration {unknown}
 s - 2 potions of magic
 u - 3 potions of haste {unknown}
 v - 2 potions of cancellation {unknown}
 w - 4 potions of curing
 z - a potion of ambrosia {unknown}
 G - a potion of lignification {unknown}


   Skills:
 + Level 5.3 Fighting
 * Level 5.1 Polearms
 - Level 1.4 Armour
 - Level 3.0 Dodging
 - Level 1.7 Stealth
 - Level 4.0 Shields
 + Level 5.5 Spellcasting
 + Level 4.0 Conjurations
 + Level 2.6 Summonings
 * Level 8.3 Ice Magic
 * Level 8.4 Invocations


You had 5 spell levels left.
You knew the following spells:

 Your Spells              Type           Power      Damage    Failure   Level
a - Freeze                Ice            100%       1d11      1%          1
b - Frozen Ramparts       Ice            70%        1d9       1%          3
c - Ozocubu's Armour      Ice            35%        N/A       1%          3
d - Hailstorm             Conj/Ice       27%        3d7       4%          4
e - Summon Ice Beast      Ice/Summ       24%        N/A       5%          4

Your spell library contained the following spells:

 Spells                   Type           Power      Damage    Failure   Level
 Summon Small Mammal      Summ           56%        N/A       1%          1
 Ensorcelled Hibernation  Hex/Ice        40%        N/A       1%          2
 Call Imp                 Summ           14%        N/A       2%          2
 Animate Skeleton         Necr           10%        N/A       5%          1
 Corona                   Hex            5%         N/A       5%          1
 Pain                     Necr           20%        1d5       5%          1
 Call Canine Familiar     Summ           14%        N/A       5%          3
 Dazzling Flash           Conj/Hex       24%        N/A       6%          3
 Passwall                 Tmut/Erth      4%         N/A       8%          2
 Summon Guardian Golem    Hex/Summ       9%         N/A       9%          3
 Confusing Touch          Hex            5%         N/A       16%         3
 Swiftness                Air            5%         N/A       16%         3
 Tukima's Dance           Hex            5%         N/A       16%         3
 Vampiric Draining        Necr           2%         2d6       16%         3
 Metabolic Englaciation   Hex/Ice        10%        N/A       26%         5
 Summon Lightning Spire   Summ/Air       9%         N/A       28%         4
 Animate Dead             Necr           2%         N/A       43%         4
 Passage of Golubria      Tloc           N/A        N/A       43%         4
 Irradiate                Conj/Tmut      6%         3d15      50%         5
 Agony                    Necr           5%         N/A       77%         5
 Lee's Rapid Deconstruct  Erth           2%         3d6*      77%         5
 Blade Hands              Tmut           2%         N/A       99%         6
 Invisibility             Hex            2%         N/A       99%         6
 Statue Form              Tmut/Erth      3%         N/A       99%         6
 Dragon Form              Tmut           2%         N/A       100%        7
 Storm Form               Tmut/Air       2%         N/A       100%        7


Dungeon Overview and Level Annotations

Branches:
Dungeon (9/15)             Temple (0/1) D:6            Lair (1/6) D:9
    Orc: D:9-12

Altars:
Cheibriados
Dithmenos
Fedhas
Gozag
Nemelex Xobeh
Ru
Trog
Vehumet
Xom
Yredelemnul
Zin

Shops:
D:3 (   D:6 *   D:7 ?


Innate Abilities, Weirdness & Mutations

You have a pair of antennae on your head.
A demonic guardian rushes to your aid.


Message History

The four-headed hydra bites you! The four-headed hydra bites you.
The four-headed hydra bites you! x2
Casting: Freeze (safe; 1% risk of failure)
Confirm with . or Enter, or press ? or * to list all spells.
Aiming: Freeze (safe; 1% risk of failure)
Press: ? - help, Shift-Dir - straight line, f - four-headed hydra
Aim: a four-headed hydra
Okay, then.
There is an open door here.
Casting: Freeze (safe; 1% risk of failure)
Confirm with . or Enter, or press ? or * to list all spells.
Casting: Frozen Ramparts (safe; 1% risk of failure)
Press: ? - help, Dir - look around, f - activate An open door.
The walls around you are covered in ice.
The wall freezes the four-headed hydra.
The four-headed hydra seems to slow down.
The four-headed hydra closely misses you.
The four-headed hydra bites you.
A demonic guardian appears!
The four-headed hydra bites you but does no damage.
The four-headed hydra misses you.
Casting: Frozen Ramparts (safe; 1% risk of failure)
Confirm with . or Enter, or press ? or * to list all spells.
A film of ice covers your body!
The wall freezes the four-headed hydra.
The four-headed hydra seems to slow down.
The four-headed hydra bites you but does no damage.
The four-headed hydra bites you! x2
* * * LOW HITPOINT WARNING * * *
The four-headed hydra bites you!
* * * LOW HITPOINT WARNING * * *
A briar patch grows up from the ground. x2
The wall freezes the four-headed hydra.
The four-headed hydra seems to slow down.
The four-headed hydra bites you!
* * * LOW HITPOINT WARNING * * *
The four-headed hydra bites you.
* * * LOW HITPOINT WARNING * * *
The four-headed hydra misses you. The four-headed hydra bites you!
You die...
Fedhas appreciates your contribution to the ecosystem.

#### #####P#.# ....... +.....#
#.....# ##.....+ #P.....#
#P4D..# ##@#.## ##. #P### #..
#..## #.# #...# ##.####
####+##### ###.# #......
#.....##.#######'### #......
#.....'....##......# #...<..
#.....####..#......######......
##.....# ##.†......'....#......


You could see a four-headed hydra (slow, ally target) and a friendly hellwing
(summoned).

Vanquished Creatures
  A komodo dragon (Lair:1)
  2 trolls (D:9)
  A wyvern (D:7)
  2 shadows (D:7)
  8 yaks
  2 steam dragons
  Menkaure (D:6)
  2 water moccasins (Lair:1)
  A black bear (D:9)
  A sky beast (D:8)
  4 orc warriors (D:9)
  3 ogres
  A necrophage (D:4)
  3 centaurs
  2 phantoms
  2 kobold brigands
  A gnoll sergeant (D:7)
  A scorpion (D:7)
  3 howler monkeys
  A bullfrog zombie (D:6)
  2 centaur zombies (D:7)
  2 centaur skeletons
  2 gnoll shamans
  2 orc priests (D:7)
  2 iguanas
  2 orc wizards
  A hound skeleton (D:2)
  10 gnolls
  10 adders
  An adder skeleton (D:4)
  7 worms
  3 dart slugs
  20 orcs
  7 endoplasms
  4 giant cockroaches
  7 goblins
  11 hobgoblins
  10 jackals
  A quokka (D:4)
  7 ball pythons
  2 bats
  3 frilled lizards (D:1)
  21 kobolds
  9 rats
188 creatures vanquished.

Vanquished Creatures (collateral kills)
  A death yak (D:9)
  An elephant (D:9)
  A steam dragon (D:6)
  A black bear (D:9)
  A centaur (D:9)
  A phantom (D:5)
  Crazy Yiuf (D:6)
  4 gnolls (D:9)
11 creatures vanquished.

Vanquished Creatures (others)
  A fungus (Lair:1)
  3 plants
4 creatures vanquished.

Grand Total: 203 creatures vanquished

Notes
Turn   | Place    | Note
-------+----------+-------------------------------------------
     0 | D:1      | Glokmah the Demonspawn Ice Elementalist began the quest for
                  | the Orb.
     0 | D:1      | Reached XP level 1. HP: 13/13 MP: 3/3
   554 | D:1      | Gained mutation: You have a pair of small antennae on your
                  | head. [demonic ancestry]
   554 | D:1      | Reached XP level 2. HP: 20/20 MP: 3/5
   887 | D:1      | Found a faded altar of an unknown god.
  1391 | D:1      | Reached skill level 1 in Fighting
  1411 | D:1      | Reached XP level 3. HP: 13/26 MP: 2/6
  1571 | D:1      | Learned a level 3 spell: Frozen Ramparts
  1758 | D:2      | Found a shimmering altar of Xom.
  1933 | D:2      | Noticed a scorpion
  2071 | D:2      | Learned a level 3 spell: Ozocubu's Armour
  2147 | D:2      | Gained mutation: You have a pair of antennae on your head.
                  | [demonic ancestry]
  2147 | D:2      | Reached XP level 4. HP: 17/32 MP: 0/7
  2734 | D:2      | Reached XP level 5. HP: 33/38 MP: 6/9
  3048 | D:3      | Found Cuefuwk's Antique Weapon Shoppe.
  3203 | D:3      | Reached skill level 5 in Ice Magic
  4165 | D:4      | Noticed a phantom
  4172 | D:4      | Found an opulent altar of Gozag.
  4172 | D:4      | Found a sacrificial altar of Ru.
  4306 | D:3      | Killed a phantom
  4307 | D:3      | Gained mutation: A weak demonic guardian rushes to your
                  | aid. [demonic ancestry]
  4307 | D:3      | Reached XP level 6. HP: 41/46 MP: 3/10
  4372 | D:4      | Found a blossoming altar of Fedhas.
  4372 | D:4      | You fall into a shaft and drop 2 floors!
  4382 | D:5      | Entered Level 5 of the Dungeon
  4393 | D:5      | Reached skill level 1 in Armour
  4422 | D:5      | Found a radiant altar of Vehumet.
  4604 | D:4      | Became a worshipper of Fedhas Madash
  4640 | D:4      | Reached skill level 1 in Invocations
  4640 | D:4      | Gained mutation: A demonic guardian rushes to your aid.
                  | [demonic ancestry]
  4640 | D:4      | Reached XP level 7. HP: 52/52 MP: 3/12
  4867 | D:4      | Learned a level 4 spell: Hailstorm
  6079 | D:5      | Reached skill level 1 in Conjurations
  6304 | D:6      | Found Pussun's Lightly-Used Armoury.
  6340 | D:6      | Found a runed translucent door.
  6341 | D:6      | Noticed Crazy Yiuf
  6348 | D:6      | Killed Crazy Yiuf
  6536 | D:6      | Noticed Menkaure
  6543 | D:6      | Killed Menkaure
  6544 | D:6      | Reached XP level 8. HP: 49/58 MP: 13/14
  6639 | D:6      | Reached * piety under Fedhas
  6640 | D:6      | Reached skill level 1 in Polearms
  6852 | D:6      | Found a staircase to the Ecumenical Temple.
  7155 | D:6      | Found a sparkling altar of Nemelex Xobeh.
  7158 | D:6      | Identified the +1 ring mail "Ciatwoop" {rC- rN+ Str-4 Dex+5
                  | Stlth+}
  7427 | D:7      | Found a bloodstained altar of Trog.
  7466 | D:7      | Reached skill level 5 in Invocations
  7521 | D:7      | Reached skill level 1 in Shields
  7648 | D:7      | Reached XP level 9. HP: 65/65 MP: 7/15
  7701 | D:7      | Learned a level 4 spell: Summon Ice Beast
  8031 | D:7      | Found Osutuwn's Magic Scroll Boutique.
  8255 | D:7      | Reached ** piety under Fedhas
  8619 | D:7      | Reached skill level 5 in Spellcasting
  8619 | D:7      | Reached skill level 1 in Summonings
  8674 | D:8      | Found a basalt altar of Yredelemnul.
  9158 | D:9      | Found a staircase to the Lair.
  9158 | D:9      | Noticed a death yak
  9160 | D:9      | Noticed an elephant
  9175 | D:9      | Killed an elephant
  9176 | D:9      | Reached XP level 10. HP: 68/73 MP: 1/17
  9181 | D:9      | Killed a death yak
  9182 | D:9      | Reached skill level 5 in Fighting
  9700 | D:9      | Reached *** piety under Fedhas
  9876 | D:9      | Identified the ring "Yliene" {Wiz Fly rPois rC+}
 10416 | D:9      | Found a shadowy altar of Dithmenos.
 10579 | D:9      | Found a snail-covered altar of Cheibriados.
 11211 | Lair:1   | Entered Level 1 of the Lair of Beasts
 11253 | Lair:1   | Reached skill level 5 in Polearms
 11561 | Lair:1   | Noticed a four-headed hydra
 11566 | Lair:1   | HP: 3/74 [four-headed hydra (1)]
 11566 | Lair:1   | Mangled by a four-headed hydra

Illustrated notes

Levels and vault maps discovered:
D:1:      beargit_arrival_diablo_church, layout_basic,
          hellmonk_ecumenical_altar_blasted
D:2:      layout_loops_cross, serial_forest, infiniplex_forest_corner_1,
          infiniplex_forest_straight_3, infiniplex_forest_zigzag_2,
          infiniplex_forest_lined_corner, infiniplex_forest_straight_1,
          basic_altar, lightli_corner_chamber
D:3:      layout_basic, serial_shops, shop, serial_glass, glass_columns_a,
          glass_columns_a, item_on_display_a, due_unseen_surprise,
          feat_on_display, feat_on_display, minmay_misc_feat_plants, nrook_uturn
D:4:      layout_basic, gammafunk_temple_overflow_claw, moated_statue
D:5:      layout_loops_ring, vehumet_altar_wand_db
D:6:      layout_loops_ring, minitemple, minmay_temple_entry_mini_moons,
          minmay_shop_damaged, serial_bayou_pond_e, uniq_crazy_yiuf_cottage,
          uniq_menkaure
D:7:      layout_loops_ring, trog_three_pillars_becter, serial_shops, shop,
          kennysheep_generic_room_9
D:8:      layout_cave_pools, kennysheep_mini_moat
D:9:      lemuel_flame_loot_2, layout_basic, marbit_many_paths,
          cheibrodos_worm_habitat, david_lair_generic
Lair:1:   layout_roguey

Skill      XL: |  1  2  3  4  5  6  7  8  9 10 |
---------------+-------------------------------+-----
Ice Magic      | 4 5 6 7 8 |  8.3
Fighting       | 1 2 3 4 5 |  5.3
Spellcasting   | 3 4 5 |  5.5
Armour         | 1 |  1.4
Dodging        | 2 3 |  3.0
Invocations    | 1 3 5 7 8 |  8.4
Conjurations   | 1 2 3 4 |  4.0
Polearms       | 2 4 5 |  5.1
Shields        | 1 3 4 |  4.0
Summonings     | 1 2 |  2.6
Stealth        | |  1.7

Action                   |  1- 3 |  4- 6 |  7- 9 | 10-12 || total
-------------------------+-------+-------+-------+-------++-------
Melee: Hand axe          |    34 |    19 |       |       ||    53
       Unarmed           |     5 |       |       |       ||     5
       Spear             |       |   141 |   234 |    39 ||   414
Throw: Stone             |       |       |     2 |       ||     2
 Cast: Freeze            |    48 |    41 |    49 |    26 ||   164
       Frozen Ramparts   |     5 |    13 |    28 |    12 ||    58
       Ozocubu's Armour  |       |     5 |    15 |     6 ||    26
       Hailstorm         |       |       |    13 |     8 ||    21
       Summon Ice Beast  |       |       |     2 |     5 ||     7
Invok: Wall of Briars    |       |       |       |     1 ||     1
  Use: Scroll            |       |     8 |     3 |       ||    11
 Stab: Sleeping          |     2 |     8 |     2 |       ||    12
       Distracted        |       |       |       |     1 ||     1
Armor: Robe              |     9 |    31 |    35 |       ||    75
       Steam dragon scal |       |       |    96 |    12 ||   108
Dodge: Dodged            |    51 |    99 |   198 |    41 ||   389
Block: Buckler           |       |       |       |     4 ||     4

Table legend: (Time is in decaauts)
 A = Elapsed time spent in this place.
 B = Non-inter-level travel time spent in this place.
 C = Inter-level travel time spent in this place.
 D = Time resting spent in this place.
 E = Time spent auto-exploring this place.
 F = Levels seen in this place.
 G = Mean time per level.
                   A        B        C        D        E       F      G
               +--------+--------+--------+--------+--------+-----+--------+
         Total |  11605 |  10652 |    953 |   1103 |   7388 |  10 | 1160.5 |
       Dungeon |  11250 |  10302 |    948 |   1103 |   7108 |   9 | 1250.0 |
          Lair |    354 |    349 |      5 |      0 |    280 |   1 |  354.0 |
               +--------+--------+--------+--------+--------+-----+--------+

Top non-repeatable levels by time:
     D:9: 2052 daAuts
     D:1: 1599 daAuts
     D:3: 1398 daAuts
     D:7: 1389 daAuts
     D:2: 1354 daAuts
     D:4: 1165 daAuts
     D:6: 1009 daAuts
     D:5: 773 daAuts
     D:8: 509 daAuts
  Lair:1: 354 daAuts
